 Dungeon Crawl Stone Soup version 0.27.1-35-g4d5d836560 (console) character file.

Game seed: 12014102176569143427

70 grimtooth the Insei (level 4, -2/32 HPs)
             Began as a Djinni Transmuter on Oct 19, 2022.
             Slain by a phantom (3 damage)
             ... on level 2 of the Dungeon.
             The game lasted 00:13:03 (2499 turns).

grimtooth the Insei (Djinni Transmuter)             Turns: 2499, Time: 00:13:03

Health: -2/32      AC:  2    Str: 10    XL:     4   Next: 44%
Gold:   66         EV: 12    Int: 15    God:
                   SH:  0    Dex: 13

rFire    + + .     SeeInvis .     - Unarmed
rCold    x . .     Faith    .   (no shield)
rNeg     . . .     Spirit   .   a - +0 robe
rPois    ∞         Reflect  .   (helmet currently unavailable)
rElec    .         Harm     .   (no cloak)
rCorr    .         Rampage  .   (no gloves)
Will     .....                  (boots unavailable)
Stlth    +.........             (no amulet)
HPRegen  0.10/turn              (no ring)
MPRegen  0.00/turn              (no ring)

@: appendages, flying
A: horns 2, flying, sickness immunity, fire resistance 2, cold vulnerability 1,
float, innate caster, hp casting, extra vitality 1
a: End Transformation


You were on level 2 of the Dungeon.
You had temporarily grown beastly horns.
You visited 1 branch of the dungeon, and saw 3 of its levels.

You collected 66 gold pieces.

Inventory:

Missiles
 b - 101 stones (quivered)
 c - 14 poisoned darts
Armour
 a - a +0 robe (worn)
Wands
 l - a wand of iceblast (9)
Scrolls
 e - a scroll of magic mapping {unknown}
 i - a scroll of identify {unknown}
 j - a scroll of enchant weapon {unknown}
 k - a scroll of noise {unknown}
 m - a scroll of blinking {unknown}
 o - 2 scrolls of teleportation {unknown}
Potions
 d - a potion of heal wounds {unknown}
 f - a potion of brilliance {unknown}
 g - a potion of attraction {unknown}
 h - a potion of ambrosia
 n - a potion of degeneration {unknown}


   Skills:
 - Level 1.6 Fighting
 - Level 2.1 Dodging
 + Level 4.2 Unarmed Combat
 + Level 2.1 Spellcasting


You couldn't memorise any spells.
You knew the following spells:

 Your Spells              Type           Power      Damage    Failure   Level
a - Beastly Appendage     Tmut           16%        N/A       9%          1
b - Wereblood             Tmut           8%         N/A       14%         2
c - Spider Form           Tmut/Pois      4%         N/A       26%         3
d - Ice Form              Ice/Tmut       8%         N/A       65%         4
e - Sandblast             Erth           16%        2d6       9%          1
Your spell library was empty.

Dungeon Overview and Level Annotations

Branches:
Dungeon (3/15)

Altars:

Shops:
D:2 (*


Innate Abilities, Weirdness & Mutations

You have temporarily grown beastly horns.
You are flying.
You are immune to sickness and miasma.
You are immune to poison.
Your flesh is very heat resistant. (rF++)
You are vulnerable to cold. (rC-)
You float through the air rather than walking.
You learn spells naturally, not from books.
Your magical power is your life essence.
You have superior vitality. (+4 HP)


Message History

Press: ? - help, Shift-Dir - straight line, f/p - phantom
Aim: a phantom (lightly damaged, 69% to hit)
The blast of sand hits the phantom but does no damage.
The phantom is lightly damaged.
b - 101 stones
* * * LOW HITPOINT WARNING * * *
The phantom barely misses you.
There is an entrance to Batuidgh's Assorted Antiques here.
The phantom closely misses you.
Things that are here:
a +0 whip; a kobold skeleton
Press: ? - help, v - describe, . - travel
Here: a phantom The floor.
Unknown command.
Casting: Sandblast (safe; 9% risk of failure)
Confirm with . or Enter, or press ? or * to list all spells.
You grow a pair of large bovine horns.
* * * LOW HITPOINT WARNING * * *
The phantom hits you.
* * * LOW HITPOINT WARNING * * *
The phantom blinks!
You blink.
You barely miss the phantom. You headbutt the phantom.
The phantom is lightly damaged.
The phantom hits you.
* * * LOW HITPOINT WARNING * * *
The phantom blinks!
You blink.
Casting: Beastly Appendage (safe; 9% risk of failure)
Confirm with . or Enter, or press ? or * to list all spells.
You don't have enough health to cast this spell.
Casting: Beastly Appendage (safe; 9% risk of failure)
Confirm with . or Enter, or press ? or * to list all spells.
You don't have enough health to cast this spell.
Casting: Beastly Appendage (safe; 9% risk of failure)
Confirm with . or Enter, or press ? or * to list all spells.
You don't have enough health to cast this spell.
You hit the phantom.
The phantom is moderately damaged.
The phantom hits you.
You die...

########### ..†.......#
#########.# ####
#(############## ...#
#<.............# ##.#
##############.# #.#
#.............#
#.#######.#.#####.##..#
##..............@W.##..####
...##.............§.......#
##.##.####.#.####..##..##.#
#.##.# #.#.####..##..##.#
#.##.# #.#.......##..##)#
##.##.# #.######.###..##.#
...##.# #.............##.#
#####.# ########.####>##.#
# #.## #.# ##.##.#


You could see a phantom.

Vanquished Creatures
  3 adders (D:2)
  A worm (D:2)
  A dart slug (D:2)
  6 bats
  5 endoplasms
  5 goblins
  3 hobgoblins (D:1)
  5 kobolds
  3 ball pythons
  A frilled lizard (D:2)
  3 rats
36 creatures vanquished.

Notes
Turn   | Place    | Note
-------+----------+-------------------------------------------
     0 | D:1      | grimtooth the Djinni Transmuter began the quest for the
                  | Orb.
     0 | D:1      | Reached XP level 1. HP: 17/17 MP: 0/0
   210 | D:1      | Reached XP level 2. HP: 18/22 MP: 0/0
  1250 | D:1      | Reached XP level 3. HP: 26/27 MP: 0/0
  1250 | D:1      | Learned a level 1 spell: Sandblast
  1640 | D:2      | Reached skill level 4 in Unarmed Combat
  1665 | D:2      | Found Batuidgh's Assorted Antiques.
  1695 | D:2      | Reached XP level 4. HP: 32/32 MP: 0/0
  1704 | D:2      | Found Gehaqom's Weapon Boutique.
  1846 | D:2      | Found a faded altar of an unknown god.
  2365 | D:3      | Noticed a phantom
  2497 | D:2      | HP: 1/32 [phantom (5)]
  2499 | D:2      | Slain by a phantom

Illustrated notes

Levels and vault maps discovered:
D:1:      minmay_arrival_five_plusses, layout_loops_ring,
          ebering_dispersal_statue_hall
D:2:      layout_loops_ring, dreamdust_ecumenical_altar_grove, serial_shops,
          nicolae_shop_crystal, nicolae_shop_crystal
D:3:      layout_basic, amcnicky_altar_gilded, dk_yredelemnul_ordeal

Skill      XL: |  1  2  3 |
---------------+----------+-----
Unarmed Combat | 4 |  4.2
Spellcasting   | 2 |  2.1
Fighting       | |  1.6
Dodging        | |  2.1

Action                   |  1- 3 |  4- 6 || total
-------------------------+-------+-------++-------
Melee: Unarmed           |    77 |    42 ||   119
       Headbutt          |     9 |     7 ||    16
       Punch             |     1 |     1 ||     2
Throw: Stone             |    37 |     4 ||    41
 Cast: Beastly Appendage |    21 |    12 ||    33
       Sandblast         |       |     4 ||     4
  Use: Potion            |       |     1 ||     1
 Stab: Sleeping          |     1 |       ||     1
Armor: Robe              |    26 |     8 ||    34
Dodge: Dodged            |    72 |    32 ||   104
